 Dungeon Crawl Stone Soup version 0.27.0-1-g7a089689b8 (webtiles) character file.

Game seed: 13470766382721091324

5070 bearlyready the Fighter (level 10, -7/76 HPs)
             Began as a Djinni Hedge Wizard on Aug 3, 2021.
             Was a Priest of Elyvilon.
             Mangled by a two-headed ogre (11 damage)
             ... on level 10 of the Dungeon.
             The game lasted 00:28:15 (13901 turns).

bearlyready the Fighter (Djinni Hedge Wizard)      Turns: 13901, Time: 00:28:15

Health: -7/76      AC: 12    Str:  9    XL:     10   Next: 86%
Gold:   627        EV: 12    Int: 19    God:    Elyvilon [***...] SH:  0 Dex: 13

rFire    + + .     SeeInvis .   H - +3 falchion (elec)
rCold    . . .     Faith    +   (no shield)
rNeg     . . .     Spirit   .   B - +0 steam dragon scales
rPois    ∞         Reflect  .   c - +0 hat
rElec    .         Harm     .   e - +0 cloak
rCorr    .         Rampage  .   D - +1 pair of gloves
Will     +....                  (boots unavailable)
Stlth    ++........             K - amulet of faith
HPRegen  0.22/turn              d - ring of protection from cold
MPRegen  0.00/turn              A - +4 ring of protection

@: wereblooded, flying
A: sickness immunity, fire resistance 2, cold vulnerability 1, float, innate
caster, hp casting, extra vitality 1
a: Renounce Religion, Lesser Healing, Heal Other, Purification, Divine
Protection


You were on level 10 of the Dungeon.
You worshipped Elyvilon.
Elyvilon was most pleased with you.
You visited 2 branches of the dungeon, and saw 11 of its levels.
You also visited: Sewer.

You collected 627 gold pieces.

Inventory:

Hand Weapons
 a - a +0 dagger
 l - a +4 long sword
 o - a +1 dagger of holy wrath
 u - a +0 hand axe of freezing
 H - a +3 falchion of electrocution (weapon)
Missiles
 g - 109 bolts
 h - 212 stones
 j - 129 arrows
 k - 7 poisoned darts
 m - 7 boomerangs (quivered)
 q - 4 javelins
 v - 52 sling bullets
Armour
 c - a +0 hat (worn)
 e - a +0 cloak (worn)
 B - +0 steam dragon scales (worn)
 D - a +1 pair of gloves (worn)
Magical Staves
 t - a staff of conjuration
 P - a staff of air
Jewellery
 d - a ring of protection from cold (left hand)
 A - a +4 ring of protection (right hand)
 K - an amulet of faith (around neck)
 L - a ring of see invisible
Wands
 M - a wand of polymorph (6)
 Q - a wand of paralysis (6)
Scrolls
 f - 2 scrolls of magic mapping
 i - a scroll of brand weapon
 r - 2 scrolls of teleportation
 x - 3 scrolls of amnesia
 y - 3 scrolls of enchant armour
 z - 2 scrolls of fog
 F - a scroll of vulnerability {unknown}
 G - a scroll of fear {unknown}
 I - a scroll of immolation {unknown}
 J - a scroll of noise {unknown}
Potions
 b - a potion of berserk rage {unknown}
 n - a potion of cancellation {unknown}
 p - 4 potions of flight
 s - a potion of mutation
 w - 4 potions of attraction
 C - 2 potions of curing
 E - a potion of heal wounds
 N - a potion of lignification
 O - a potion of magic {unknown}
 R - a potion of brilliance


   Skills:
 + Level 8.3 Fighting
 + Level 5.2 Long Blades
 - Level 4.1 Throwing
 + Level 1.2 Armour
 + Level 2.8 Dodging
 - Level 4.0 Stealth
 - Level 6.2 Spellcasting
 - Level 3.0 Invocations
 - Level 3.0 Evocations


You couldn't memorise any spells.
You knew the following spells:

 Your Spells              Type           Power      Damage    Failure   Level
a - Magic Dart            Conj           100%       1d8       1%          1
b - Blink                 Tloc           N/A        N/A       1%          2
c - Call Imp              Summ           29%        N/A       1%          2
d - Slow                  Hex            29%        N/A       1%          2
e - Conjure Flame         Conj/Fire      29%        6-21      2%          3
f - Mephitic Cloud        Conj/Pois/Air  29%        N/A       2%          3
g - Beastly Appendage     Tmut           58%        N/A       1%          1
h - Static Discharge      Conj/Air       29%        N/A       1%          2
i - Wereblood             Tmut           29%        N/A       1%          2
j - Passage of Golubria   Tloc           N/A        N/A       9%          4
Your spell library was empty.

Dungeon Overview and Level Annotations

Branches:
Dungeon (10/15)            Temple (1/1) D:5           Sewer (visited)
   Lair: D:8-11         Orc: D:9-12

Altars:
Ashenzari
Cheibriados
Dithmenos
Elyvilon
Fedhas
Gozag
Hepliaklqana
Kikubaaqudgha
Makhleb
Nemelex Xobeh
Okawaru
Qazlal
Ru
Sif Muna
Trog
Uskayaw
Vehumet
Wu Jian
Xom
Yredelemnul
Zin

Shops:
D:6 [

Annotations:
D:3 1 runed translucent door, gimp's ghost, amateur BaCK


Innate Abilities, Weirdness & Mutations

You are immune to sickness and miasma.
You are immune to poison.
Your flesh is very heat resistant. (rF++)
You are vulnerable to cold. (rC-)
You float through the air rather than walking.
You learn spells naturally, not from books.
Your magical power is your life essence.
You have superior vitality. (+4 HP)


Message History

You kill the orc warrior!
The orc is engulfed in noxious fumes.
The orc appears confused.
You hit the orc. Lightning courses through the orc!
You feel a bit better.
You kill the orc!
You howl as the wereblood boils in your veins!
You closely miss the orc.
The two-headed ogre hits you with a +0 giant club! x2
The orc barely misses you.
You are too injured to fight recklessly!
You barely miss the orc.
The two-headed ogre hits you with a +0 giant club! x2
The orc hits you with a +0 mace.
* * * LOW HITPOINT WARNING * * *
You hit the orc.
The orc is severely wounded.
The orc hits you but does no damage.
The two-headed ogre hits you with a +0 giant club.
* * * LOW HITPOINT WARNING * * *
The two-headed ogre hits you with a +0 giant club!
* * * LOW HITPOINT WARNING * * *
Okay, then.
Aiming: Paralyse
Press: ? - help, Shift-Dir - straight line, f - two-headed ogre
Aim: a two-headed ogre, wielding two +0 giant clubs (chance to affect: 37%)
The two-headed ogre easily resists.
The orc closely misses you.
You riposte.
You hit the orc but do no damage.
The orc is severely wounded.
Aiming: Paralyse
Press: ? - help, Shift-Dir - straight line, f/p - two-headed ogre
Aim: a two-headed ogre, wielding two +0 giant clubs (chance to affect: 37%)
The two-headed ogre easily resists.
The two-headed ogre barely misses you.
The two-headed ogre hits you with a +0 giant club!
* * * LOW HITPOINT WARNING * * *
The orc barely misses you.
Aiming: Paralyse
Press: ? - help, Shift-Dir - straight line, f/p - two-headed ogre
Aim: a two-headed ogre, wielding two +0 giant clubs (chance to affect: 37%)
The two-headed ogre easily resists.
The two-headed ogre hits you with a +0 giant club!
You die...

## #. #. # #. ###.##.
#. ......)#### #.#
#....)o@.# # ##.##
##.#####O##.###...##
#.........)##.....##
#######.####.......##
#............)#
#.####........#
####.#####..<..#.#
#.......###...##.#
#.#...#....#.###.#


You could see a two-headed ogre and an orc.

Vanquished Creatures
  Erolcha (D:9)
  An unseen horror (D:10)
  Grinder (D:6)
  A wyvern (D:8)
  Sigmund (D:6)
  2 steam dragons (D:9)
  Eustachio (D:6)
  3 water moccasins
  5 orc warriors
  An ice beast (D:7)
  A hornet zombie (D:7)
  2 ogres
  A centaur (D:9)
  A phantom (D:4)
  2 kobold brigands
  2 bullfrogs
  A gnoll sergeant (D:6)
  A water moccasin zombie (D:7)
  A water moccasin skeleton (D:5)
  4 wights (D:6)
  2 howler monkeys
  2 vampire bats (D:3)
  A bullfrog zombie (D:6)
  A centaur zombie (D:8)
  2 jellies
  A gnoll shaman (D:6)
  3 orc priests
  4 hounds
  6 iguanas
  9 orc wizards
  A howler monkey zombie (D:9)
  9 adders
  12 gnolls
  A howler monkey skeleton (D:7)
  2 river rats
  A shadow imp (D:7)
  A white imp (D:6)
  4 worms
  A dart slug (D:1)
  28 orcs
  6 endoplasms
  4 giant cockroaches
  11 goblins
  5 hobgoblins
  2 jackals (Sewer)
  3 quokkas
  9 ball pythons
  7 bats
  3 frilled lizards
  11 kobolds
  8 rats
193 creatures vanquished.

Vanquished Creatures (collateral kills)
  A water moccasin (D:5)
  An ogre (D:4)
  A scorpion (D:5)
  An orc priest (D:5)
  A hound (D:5)
  A hound skeleton (D:4)
  A gnoll (D:6)
  An orc (D:4)
8 creatures vanquished.

Grand Total: 201 creatures vanquished

Notes
Turn   | Place    | Note
-------+----------+-------------------------------------------
     0 | D:1      | bearlyready the Djinni Hedge Wizard began the quest for the
                  | Orb.
     0 | D:1      | Reached XP level 1. HP: 15/15 MP: 0/0
   492 | D:1      | Reached XP level 2. HP: 20/21 MP: 0/0
  1090 | D:2      | Reached XP level 3. HP: 19/25 MP: 0/0
  1090 | D:2      | Learned a level 1 spell: Beastly Appendage
  1286 | D:2      | Reached XP level 4. HP: 6/31 MP: 0/0
  1676 | D:2      | Found a basalt altar of Yredelemnul.
  2170 | D:2      | Reached skill level 1 in Fighting
  2388 | D:3      | Noticed gimp's ghost (amateur BaCK)
  2458 | D:3      | Reached XP level 5. HP: 35/37 MP: 0/0
  2458 | D:3      | Learned a level 2 spell: Static Discharge
  3007 | D:3      | Found a runed translucent door.
  3150 | D:3      | Reached XP level 6. HP: 32/43 MP: 0/0
  3462 | D:3      | Found a bloodstained altar of Trog.
  3511 | D:3      | Reached skill level 1 in Throwing
  4050 | D:4      | Reached skill level 2 in Fighting
  4965 | D:4      | Reached XP level 7. HP: 34/49 MP: 0/0
  4965 | D:4      | Learned a level 2 spell: Wereblood
  5952 | D:5      | Entered Level 5 of the Dungeon
  5996 | D:5      | Reached skill level 3 in Fighting
  6064 | D:5      | Reached skill level 5 in Spellcasting
  6127 | D:5      | Reached XP level 8. HP: 38/56 MP: 0/0
  6367 | D:5      | Reached skill level 1 in Evocations
  6620 | D:5      | Found a sparkling altar of Nemelex Xobeh.
  6690 | D:5      | Reached skill level 4 in Fighting
  7132 | D:5      | Found a staircase to the Ecumenical Temple.
  7153 | Temple   | Entered the Ecumenical Temple
  7207 | Temple   | Became a worshipper of Elyvilon the Healer
  7349 | D:6      | Reached skill level 1 in Invocations
  7417 | D:6      | Found a glowing drain.
  7435 | Sewer    | Entered a sewer
  7655 | Sewer    | Found a glowing silver altar of Zin.
  7797 | D:6      | Reached XP level 9. HP: 52/63 MP: 0/0
  7797 | D:6      | Learned a level 4 spell: Passage of Golubria
  8405 | D:7      | Reached skill level 5 in Fighting
  9035 | D:7      | Reached * piety under Elyvilon
  9925 | D:8      | Noticed a cyclops
 10103 | D:6      | Reached skill level 6 in Fighting
 10275 | D:6      | Reached ** piety under Elyvilon
 10376 | D:6      | Noticed Eustachio
 10399 | D:6      | Killed Eustachio
 10731 | D:6      | Noticed Sigmund
 10754 | D:6      | Killed Sigmund
 10755 | D:6      | Reached skill level 7 in Fighting
 10755 | D:6      | Reached skill level 1 in Long Blades
 10863 | D:6      | Noticed Grinder
 10872 | D:6      | Killed Grinder
 10873 | D:6      | Reached XP level 10. HP: 48/75 MP: 0/0
 11279 | D:6      | Found an opulent altar of Gozag.
 11314 | D:6      | Found Roorr's Antique Armour Shoppe.
 11757 | D:8      | Identified the +9 hand axe "Jearim" {pain, rPois rCorr}
 11847 | D:8      | Noticed a centaur warrior
 12676 | D:9      | Found a basalt altar of Yredelemnul.
 12971 | D:9      | Noticed Erolcha
 12993 | D:9      | Killed Erolcha
 12994 | D:9      | Reached skill level 8 in Fighting
 13023 | D:9      | Reached *** piety under Elyvilon
 13181 | D:9      | Identified the +3 trident of Soohit {protect, Int+6}
 13290 | D:9      | Found a shimmering altar of Xom.
 13301 | D:9      | Reached skill level 5 in Long Blades
 13761 | D:10     | Entered Level 10 of the Dungeon
 13771 | D:10     | Noticed an unseen horror
 13777 | D:10     | Killed an unseen horror
 13778 | D:10     | Reached skill level 1 in Armour
 13893 | D:10     | Noticed a two-headed ogre
 13901 | D:10     | Mangled by a two-headed ogre

Illustrated notes

Levels and vault maps discovered:
D:1:      dpeg_arrival_castle, layout_basic
D:2:      layout_basic, basic_altar
D:3:      cheibrodos_greedy_goblins, layout_loops_ring,
          mainiacjoe_overflow_tiny_flanked, hellmonk_ghost_happy_afterlife,
          roderic_batcave, st_stairs_1
D:4:      layout_rooms
D:5:      layout_cave_pools, nemelex_xobeh_ov_fountains_minmay, temple_hall
D:6:      layout_loops_corners, grunt_gozag_breadcrumbs, gup_sewer_entry_bowl,
          serial_shops, shop, nrook_loot_triangle, uniq_grinder, uniq_sigmund,
          uniq_eustachio
D:7:      layout_cave_pools, serial_park_tiny_1
D:8:      layout_basic, grunt_temple_overflow_magic_moments, minmay_radiant
D:9:      layout_loops_corners, mainiacjoe_overflow_paths, tgw_xom, uniq_erolcha
D:10:     layout_loops_ring, nicolae_tso_carved_into_rock, uniq_maurice
Temple:   cyrus_circular_temple

Skill      XL: |  1  2  3  4  5  6  7  8  9 10 |
---------------+-------------------------------+-----
Spellcasting   | 3 4 5 6 |  6.2
Fighting       | 1 2 3 4 7 8 |  8.3
Stealth        | 2 3 4 |  4.0
Throwing       | 1 2 3 4 |  4.1
Evocations     | 2 3 |  3.0
Invocations    | 1 3 |  3.0
Long Blades    | 2 5 |  5.2
Armour         | 1 |  1.2
Dodging        | |  2.8

Action                   |  1- 3 |  4- 6 |  7- 9 | 10-12 || total
-------------------------+-------+-------+-------+-------++-------
Melee: Dagger            |       |    34 |       |       ||    34
       Staff             |       |    26 |    42 |       ||    68
       Long sword        |       |       |    18 |       ||    18
       Falchion          |       |       |     6 |   115 ||   121
       Unarmed           |       |       |       |     1 ||     1
Throw: Dart              |       |     3 |    18 |     7 ||    28
       Stone             |       |       |     2 |       ||     2
       Javelin           |       |       |    11 |       ||    11
       Boomerang         |       |       |       |     9 ||     9
       Throwing net      |       |       |       |     1 ||     1
 Cast: Magic Dart        |    58 |   146 |   240 |    10 ||   454
       Mephitic Cloud    |       |    12 |    25 |     9 ||    46
       Call Imp          |       |     2 |    10 |       ||    12
       Conjure Flame     |       |     1 |     7 |       ||     8
       Slow              |       |       |    10 |     4 ||    14
       Passage of Golubr |       |       |     1 |       ||     1
       Wereblood         |       |       |       |     3 ||     3
Evoke: Wand              |       |       |     5 |     4 ||     9
  Use: Potion            |       |     2 |       |     1 ||     3
       Scroll            |       |       |     9 |     4 ||    13
 Stab: Confused          |       |     3 |     6 |     4 ||    13
       Sleeping          |       |       |     1 |     2 ||     3
       Held in net/web   |       |       |       |     1 ||     1
Armor: Robe              |     1 |    22 |    28 |    18 ||    69
       Steam dragon scal |       |       |       |    50 ||    50
Dodge: Dodged            |     4 |    66 |    58 |    69 ||   197
       Rpst.: Long sword |       |       |     3 |       ||     3
       Falchion          |       |       |       |    16 ||    16
